 Dungeon Crawl Stone Soup version 0.24-a0-789-g35933f4585 (webtiles) character file.

Game seed: 1967289629887085022, levelgen mode: deterministic

101 Kohma the Caller (level 4, 0/30 HPs)
             Began as a Merfolk Summoner on Oct 10, 2019.
             Succumbed to an adder's poison
             ... on level 2 of the Dungeon.
             The game lasted 00:07:48 (1902 turns).

Kohma the Caller (Merfolk Summoner)                 Turns: 1902, Time: 00:07:48

Health: 0/30       AC:  4    Str:  8    XL:     4   Next: 75%
Magic:  1/8        EV: 13    Int: 15    God:
Gold:   58         SH:  0    Dex: 14    Spells: 6/9 levels left

rFire    . . .     SeeInvis .   i - +0 spear
rCold    . . .     Gourm    .   (no shield)
rNeg     . . .     Faith    .   a - +0 robe
rPois    .         Spirit   .   n - +0 helmet
rElec    .         Reflect  .   l - +0 cloak
rCorr    .         Harm     .   (no gloves)
MR       .....                  (no boots)
Stlth    ++........             (no amulet)
HPRegen  0.10/turn              (no ring)
MPRegen  0.11/turn              (no ring)

@: lethally poisoned (0 -> -5)
A: change form in water, swift swim, stealthy swim
a: no special abilities


You were on level 2 of the Dungeon.
You were not hungry.

You visited 1 branch of the dungeon, and saw 2 of its levels.

You collected 58 gold pieces.

Inventory:

Hand Weapons
 i - a +0 spear (weapon)
Missiles
 b - 54 stones (quivered)
Armour
 a - a +0 robe (worn)
 l - a +0 cloak (worn)
 m - a +0 leather armour
 n - a +0 helmet (worn)
Jewellery
 e - a cursed ring of attention {unknown}
 j - a +4 ring of slaying {unknown}
Scrolls
 d - a scroll of teleportation {unknown}
 g - a scroll of identify {unknown}
 h - a scroll of fog {unknown}
 o - a scroll of noise {unknown}
Potions
 f - a potion of cancellation {unknown}
Comestibles
 c - 4 rations
 k - 15 chunks of flesh


   Skills:
 - Level 2.6 Dodging
 - Level 2.1 Stealth
 + Level 3.0 Spellcasting
 * Level 5.4 Summonings


You had 6 spell levels left.
You knew the following spells:

 Your Spells              Type           Power        Failure   Level  Hunger
a - Summon Small Mammal   Summ           ###.         2%          1    #......
b - Call Imp              Summ           ###.....     3%          2    ##.....

Your spell library contained the following spells:

 Spells                   Type           Power        Failure   Level  Hunger
 Call Canine Familiar     Summ           ###.....     6%          3    ###....
 Summon Guardian Golem    Hex/Summ       ##......     21%         3    ###....
 Summon Ice Beast         Ice/Summ       ##......     54%         4    #####..
 Summon Lightning Spire   Summ/Air       ##......     54%         4    #####..


Dungeon Overview and Level Annotations

Branches:
Dungeon (2/15)

Altars:


Message History

Your Summonings skill increases to level 5!
You have reached level 4!
Your crimson imp blinks!
The adder bites you but does no damage. What are your orders? t - Shout!
Orders for allies: a - Attack new target. r - Retreat! s - Stop attacking. g - Guard the area. f - Follow me.
Anything else - Cancel.
Gang up on whom?
Press: ? - help, Dir - move target cursor, f - adder
Aim: an adder Attack!
Your crimson imp hits the adder.
The adder bites you.
* * * LOW HITPOINT WARNING * * *
You are more poisoned.
The adder poisons you!
You hit the adder.
The adder is severely wounded.
You die...

..)..# #.# #.#### #.#
#.# #.# ..# #.# #.#
#)## #.#### #÷.# .....#
##)# .....# #)#######
.....# #.)5S@..# .....#
####..#5##.##
.....####.....)..#).##
.....##.....§###.....#
.....#..÷......###...##
##.###.#.......S5##...#
##.##..#..######..#...#
...##.##.##....##.##..#
##....#..#.g)$..#..#..#


You could see an adder and 2 friendly crimson imps.

Vanquished Creatures
  3 hobgoblins
  2 goblins (D:2)
5 creatures vanquished.

Vanquished Creatures (collateral kills)
  An ogre (D:2)
  Robin (D:2)
  An adder (D:2)
  A worm (D:2)
  A dart slug (D:1)
  2 leopard geckos
  A bat (D:1)
  7 goblins
  9 hobgoblins
  A jackal (D:2)
  A quokka (D:2)
  4 kobolds
  A rat (D:1)
31 creatures vanquished.

Grand Total: 36 creatures vanquished

Notes
Turn   | Place    | Note
-------+----------+-------------------------------------------
     0 | D:1      | Kohma the Merfolk Summoner began the quest for the Orb.
     0 | D:1      | Reached XP level 1. HP: 13/13 MP: 3/3
   830 | D:1      | Reached XP level 2. HP: 19/19 MP: 0/5
   915 | D:1      | Learned a level 2 spell: Call Imp
  1659 | D:2      | Noticed Robin
  1660 | D:2      | Reached XP level 3. HP: 24/24 MP: 1/6
  1679 | D:2      | Killed Robin
  1871 | D:2      | Noticed an ogre
  1900 | D:2      | Killed an ogre
  1900 | D:2      | Reached skill level 5 in Summonings
  1900 | D:2      | Reached XP level 4. HP: 4/30 MP: 0/8
  1901 | D:2      | HP: 1/30 [adder (3)]
  1902 | D:2      | Succumbed to an adder's poison

Levels and vault maps discovered:
D:1:      saegor_arrival_simple_a, layout_loops_corners
D:2:      layout_loops_ring, lemuel_round_altar, first_ration, chequers_jeans,
          minmay_randomly_rotated_circles, uniq_robin

Skill      XL: |  1  2  3 |
---------------+----------+-----
Spellcasting   | 3 |  3.0
Summonings     | 5 |  5.4
Dodging        | |  2.6
Stealth        | |  2.1

Action                   |  1- 3 |  4- 6 || total
-------------------------+-------+-------++-------
Melee: Dagger            |     8 |       ||     8
       Unarmed           |     4 |       ||     4
       Spear             |    30 |     1 ||    31
 Cast: Summon Small Mamm |    25 |       ||    25
       Call Imp          |    15 |       ||    15
  Eat: Chunk             |     4 |       ||     4
Armor: Robe              |     4 |     1 ||     5
Dodge: Dodged            |    37 |       ||    37

Table legend:
 A = Non-vault XP
 B = Vault XP
 C = Vault XP percentage of total XP
 D = Non-vault monster count
 E = Vault monster count
 F = Vault count percentage of total count
                 A         B        C        D         E       F
            +---------+---------+-------+---------+---------+-------
      Total |     118 |      27 |  18.6 |      19 |      17 |  47.2
            +---------+---------+-------+---------+---------+-------
        D:1 |      15 |       0 |   0.0 |      11 |       0 |   0.0
        D:2 |     103 |      27 |  20.8 |       8 |      17 |  68.0
            +---------+---------+-------+---------+---------+-------
